 Dungeon Crawl Stone Soup version 0.19-a0-739-gf2af308 (webtiles) character file.

336 Ordine the Changer (level 6, -2/45 HPs)
             Began as an Octopode Transmuter on June 23, 2016.
             Slain by Sigmund
             ... wielding a +0 scythe
              (8 damage)
             ... on level 3 of the Dungeon.
             The game lasted 00:10:19 (3859 turns).

Ordine the Changer (Octopode Transmuter)            Turns: 3859, Time: 00:10:20

Health: -2/45      AC:  7    Str:  8 (10) XL:     6   Next: 54%
Magic:  9/9        EV: 10    Int: 21 (22) God:
Gold:   145        SH:  0    Dex:  9 (12) Spells: 3 memorised, 1 level left

rFire  x . .     SeeInvis .       - Unarmed
rCold  + + +     Gourm    .     (shield currently unavailable)
rNeg   . . .     Faith    .     (helmet currently unavailable)
rPois  +         Spirit   .     (no amulet)
rElec  .         Dismiss  .     k - ring of poison resistance
rCorr  .         Reflect  .     (no ring)
SustAt .         Harm     .     (no ring)
MR     .....                    (no ring)
Stlth  ++........               (no ring)
                                (no ring)
                                (no ring)
                                (no ring)

@: brilliant, ice-form, not resistant to hostile enchantments, unstealthy
A: almost no armour, amphibious, 8 rings, (constrict 8), (camouflage 0),
(gelatinous body 0)
a: End Transformation


You were on level 3 of the Dungeon.
You were not hungry.
You were a creature of crystalline ice.
You visited 1 branch of the dungeon, and saw 3 of its levels.

You collected 145 gold pieces.

Inventory:

Jewellery
 k - a ring of poison resistance (left front paw)
Wands
 a - a wand of slowing (29/48)
Scrolls
 f - 2 scrolls of remove curse
 j - a scroll of immolation
 n - 3 scrolls of teleportation
 s - 2 scrolls of enchant armour
Potions
 e - a potion of might
 h - a potion of curing
 i - a potion of brilliance
 o - a potion of lignification
Books
 b - a book of Changes

   Spells                             Type                      Level
   a - Beastly Appendage              Transmutation                1
   b - Sticks to Snakes               Transmutation                2
   c - Spider Form                    Transmutation/Poison         3
   d - Ice Form                       Ice/Transmutation            4
   e - Blade Hands                    Transmutation                5
Comestibles
 c - 4 bread rations
 g - a meat ration
 m - a beef jerky


   Skills:
 - Level 1.0 Fighting
 - Level 2.0 Dodging
 - Level 4.0 Stealth
 - Level 3.0 Unarmed Combat
 - Level 2.0 Spellcasting
 * Level 5.5 Transmutations
 + Level 2.0 Ice Magic


You had one spell level left.
You knew the following spells:

 Your Spells              Type           Power        Failure   Level  Hunger
a - Spider Form           Tmut/Pois      ####......   2%          3    ###....
b - Ice Form              Ice/Tmut       ####....     4%          4    #####..
i - Beastly Appendage     Tmut           #####.       1%          1    #......


Dungeon Overview and Level Annotations

Branches:
Dungeon (3/15)

Altars:
Okawaru
Ru

Annotations:
D:3 Sigmund


Innate Abilities, Weirdness & Mutations

You cannot wear most types of armour.
You are amphibious.
You can wear up to eight rings at the same time.
((You can use your tentacles to constrict eight enemies at once.))
((Your skin changes colour to match your surroundings (Stealth+).))
((Your rubbery body absorbs attacks. (AC +1)))


Message History

You bump into the rock wall.
Something hits you!
You closely miss something. Something hits you!
You bump into the rock wall.
You feel less confused. Something hits you!
* * * LOW HITPOINT WARNING * * *
Something hits you.
* * * LOW HITPOINT WARNING * * *
You are confused.
You feel invigorated.
You closely miss something. Something hits you.
* * * LOW HITPOINT WARNING * * *
You miss something.
You feel less invigorated.
You feel less confused.
You hear some strange, mumbled words.
A magic dart appears from out of thin air!
The magic dart hits you!
* * * LOW HITPOINT WARNING * * *
You miss something. Something hits you!
You die...

###### .....#
####.###################
##..............Y{......#
##.#.##################.#
##.#.#....# #.#
##.#.#.##.# #.#
##'#.#.##.# #.#
.....#.##.# #.#
.....#.##.# #.#
.....#..#.# #####.#####
........#.# #.........#


There were no monsters in sight!

Vanquished Creatures
  An orc priest (D:3)
  Terence (D:2)
  Ijyb (D:3)
  Natasha (twice) (D:2)
  An orc wizard (D:3)
  Robin (D:2)
  A gnoll (D:1)
  6 adders
  4 river rats (D:3)
  An ooze (D:2)
  A worm (D:2)
  A dart slug (D:1)
  2 giant geckos
  3 orcs (D:3)
  A giant cockroach (D:3)
  7 goblins
  8 hobgoblins
  3 jackals (D:1)
  6 kobolds
  2 quokkas (D:3)
  3 ball pythons
  6 bats
  3 giant newts
  10 rats
75 creatures vanquished.

Notes
Turn   | Place    | Note
--------------------------------------------------------------
     0 | D:1      | Ordine the Octopode Transmuter began the quest for the Orb.
     0 | D:1      | Reached XP level 1. HP: 13/13 MP: 3/3
   193 | D:1      | Reached skill level 1 in Stealth
   193 | D:1      | Reached XP level 2. HP: 17/18 MP: 3/5
   539 | D:1      | Reached skill level 3 in Transmutations
   541 | D:1      | Reached XP level 3. HP: 22/23 MP: 6/6
   549 | D:1      | Learned a level 3 spell: Spider Form
  1011 | D:2      | Noticed Robin
  1032 | D:2      | Killed Robin
  1055 | D:2      | Noticed Terence
  1063 | D:2      | Killed Terence
  1063 | D:2      | Reached XP level 4. HP: 7/28 MP: 4/7
  1355 | D:2      | Noticed Natasha
  1362 | D:2      | Killed Natasha
  1362 | D:2      | Reached skill level 4 in Transmutations
  1621 | D:2      | Reached XP level 5. HP: 33/33 MP: 6/8
  1627 | D:2      | Learned a level 4 spell: Ice Form
  1806 | D:2      | Noticed Natasha
  1815 | D:2      | Killed Natasha
  1944 | D:2      | Found an iron altar of Okawaru.
  2630 | D:3      | Reached skill level 1 in Ice Magic
  2646 | D:3      | Noticed Ijyb
  2685 | D:3      | Killed Ijyb
  2694 | D:3      | Reached XP level 6. HP: 13/38 MP: 6/9
  2835 | D:3      | Found a sacrificial altar of Ru.
  2999 | D:3      | Reached skill level 5 in Transmutations
  3843 | D:3      | Noticed Sigmund
  3859 | D:3      | Slain by Sigmund

Vault maps used:
D:1:      tarquinn_simple_flora_water_f
D:2:      first_bread, minivault_27, okawaru_gym_becter, uniq_robin,
          uniq_natasha, uniq_terence
D:3:      portal_sewer_entry_e, minmay_tree_intersection, hangedman_ru_absence,
          uniq_sigmund, uniq_iyjb

Skill      XL: |  1  2  3  4  5  6 |
---------------+-------------------+-----
Stealth        | 1 3 4 |  4.0
Transmutations | 3 4 5 |  5.5
Ice Magic      | 1 2 |  2.0
Fighting       | |  1.0
Dodging        | |  2.0
Unarmed Combat | |  3.0
Spellcasting   | |  2.0

Action                   |  1- 3 |  4- 6 || total
-------------------------+-------+-------++-------
Melee: Unarmed           |    71 |   150 ||   221
       Constrict         |    11 |    23 ||    34
       Kick              |     1 |     6 ||     7
       Tentacles         |     8 |    21 ||    29
       Punch             |       |     5 ||     5
 Cast: Beastly Appendage |     1 |     2 ||     3
       Spider Form       |     1 |     7 ||     8
       Ice Form          |       |     1 ||     1
 Abil: End Transformatio |       |     1 ||     1
  Use: Scroll            |     7 |     5 ||    12
       Potion            |     2 |     7 ||     9
 Stab: Sleeping          |     1 |    13 ||    14
       Invisible         |       |     2 ||     2
  Eat: Chunk             |       |    11 ||    11
Armor: Skin              |    23 |    11 ||    34
Dodge: Dodged            |    42 |    89 ||   131
